AoeStats
← DiegoRH7955

Arabia

510655248Analyzed
4v4 RM · 1d ago on Oct 2, 2026· 17m 58s· 8 players
Game mode
Random Map
Map size
Large (8 player)
Population
200
Speed
Normal
Resources
Standard
Victory
Conquest
Starting age
Dark Age
Ending age
Imperial Age
RankedLock teamsTeams togetherTeam positionsShared explorationLock speedFull tech treeHidden civsTurbo modeCheats
Victory
Defeat
🇨🇱 Maya · Chile
1539
+15
🇺🇸 Georgians · United States
1517
+16
🇪🇨 Ethiopians · Ecuador
1509
+17
🇲🇽 Varangians · Mexico
1486
+18
🇧🇷 Shu · Brazil
1551
-18
🇧🇷 Britons · Brazil
1544
-17
🇧🇷 Varangians · Brazil
1516
-16
🇧🇷 Franks · Brazil
1490
-15
The Quadfather
6:23 Loom
9:22 Feudal Age
9:53 Double-Bit Axe
10:20 Horse Collar
14:52 Scale Barding Armor
15:56 Forging
16:52 Bloodlines
17:40 Wheelbarrow
DiegoRH7955
7:21 Loom
9:25 Feudal Age
10:06 Double-Bit Axe
15:16 Scale Barding Armor
[ECU] QUITUS
6:45 Loom
9:03 Feudal Age
9:56 Double-Bit Axe
13:01 Fletching
14:36 Padded Archer Armor
NPG | DR@CA
0:27 Loom
9:23 Feudal Age
NJ
6:30 Loom
9:07 Feudal Age
9:57 Double-Bit Axe
15:25 Fletching
rick rush
5:36 Loom
8:49 Feudal Age
12:22 Double-Bit Axe
15:12 Bloodlines
PaTo_Noel
7:10 Loom
9:22 Feudal Age
9:55 Double-Bit Axe
digitallimao
6:33 Loom
9:29 Feudal Age
10:04 Double-Bit Axe
Connection lost

Rejoining the realm…

Still unreachable

The connection could not be restored.

Session expired

The server has moved on; the page needs a fresh start.